 Dungeon Crawl Stone Soup version 0.31-a0-187-gba352fbbf7 (webtiles) character file.

Game seed: 4025572560835184743

80 qw the Shooter (level 4, -4/25 HPs)
             Began as a Deep Elf Hunter on June 22, 2023.
             Slain by Terence
             ... wielding a +2 vampiric short sword
              (8 damage)
             ... on level 2 of the Dungeon.
             The game lasted 00:00:24 (693 turns).

qw the Shooter (Deep Elf Hunter)                     Turns: 693, Time: 00:00:24

Health: -4/25      AC:  3    Str: 16    XL:     4   Next: 18%
Magic:  6/6        EV: 12    Int: 14    God:
Gold:   41         SH:  5    Dex: 18    Spells: 3/3 levels left

rFire   . . .        a - +0 shortbow
rCold   . . .        (shield currently unavailable)
rNeg    . . .        c - +0 leather armour
rPois   .            (no helmet)
rElec   .            (no cloak)
rCorr   .            (no gloves)
SInv    .            (no boots)
Will    .....        e - amulet of reflection
Stlth   ++           d - +6 ring of strength
HPRegen 0.24/turn    (no ring)
MPRegen 0.10/turn

%: reflection
@: no status effects
A: no striking features
a: no special abilities


You were on level 2 of the Dungeon.
You visited 1 branch of the dungeon, and saw 2 of its levels.

You collected 41 gold pieces.


   Skills:
 - Level 1.5 Fighting
 + Level 7.6 Ranged Weapons
 - Level 2.4 Dodging
 - Level 1.2 Stealth


You had 3 spell levels left.
You didn't know any spells.
Your spell library was empty.

Inventory:

Hand Weapons
 a - a +0 shortbow (weapon)
Armour
 c - a +0 leather armour (worn)
Jewellery
 d - a +6 ring of strength (left hand)
 e - an amulet of reflection (around neck)

Dungeon Overview and Level Annotations

Branches:
Dungeon (2/15)

Altars:
Fedhas

Annotations:
D:2 Terence


Message History

You kill the endoplasm!
You now have 41 gold pieces (gained 19).
Terence the Incautious comes into view.
He is wielding a +2 vampiric short sword.
Enter note:
Enter note: You shoot an arrow.
The arrow hits Terence.
Terence shouts!
Terence is lightly wounded.
You shoot an arrow. The arrow barely misses Terence.
A worm comes into view.
You shoot an arrow. The arrow hits the worm!
The worm is moderately wounded.
The worm bites you but does no damage.
You shoot an arrow.
The arrow hits the worm but does no damage.
The worm is moderately wounded.
You shoot an arrow. The arrow hits the worm.
The worm is moderately wounded.
Terence hits you with a +2 vampiric short sword.
Terence draws strength from your wounds!
The worm bites you!
You shoot an arrow. The arrow hits the worm.
The worm is severely wounded.
Terence shouts, "Get ready for death!"
Terence closely misses you. The worm barely misses you.
You shoot an arrow. The arrow completely misses the worm.
Terence hits you with a +2 vampiric short sword.
Terence draws strength from your wounds!
You shoot an arrow. The arrow hits the worm.
The worm is severely wounded.
Terence hits you with a +2 vampiric short sword.
The worm barely misses you.
You shoot an arrow. The arrow hits the worm.
The worm is almost dead.
You block Terence's attack. The worm bites you but does no damage.
You shoot an arrow.
The arrow hits the worm but does no damage.
The worm is almost dead.
Terence hits you with a +2 vampiric short sword!
You die...

##.# ##########
....###...##...## #
#..#..........##
##.##.............#
#.................##
.###..............##
#...............#
###.....##.......#
#@@.#.######.._..#
......w###.######.....##
....[.. ..............#
#..#### #......###%....#
.. ..... #...#...# .
......#.#######
.........## .......%..#
.......##.#


You could see Terence and a worm.

Vanquished Creatures
  4 adders (D:2)
  3 dart slugs
  4 bats
  5 endoplasms
  3 giant cockroaches
  2 goblins (D:1)
  A hobgoblin (D:1)
  6 kobolds
  6 ball pythons
  A frilled lizard (D:1)
  5 rats
40 creatures vanquished.

Notes
Turn   | Place    | Note
-------+----------+-------------------------------------------
     0 | D:1      | qw the Deep Elf Hunter began the quest for the Orb.
     0 | D:1      | Reached XP level 1. HP: 12/12 MP: 3/3
     0 | D:1      | 0 ||| qw: Version: 0.3-a-9-g12657ce
     0 | D:1      | 0 ||| qw: Game counter: 2077
     0 | D:1      | 0 ||| qw: Always use a shield: true
     0 | D:1      | 0 ||| qw: God list: Okawaru
     0 | D:1      | 0 ||| qw: Allow faded altars: false
     0 | D:1      | 0 ||| qw: Do Orc after D:15 true
     0 | D:1      | 0 ||| qw: Do second Lair branch before Depths: true
     0 | D:1      | 0 ||| qw: Lair rune preference: random
     0 | D:1      | 0 ||| qw: Plans: Normal
     0 | D:1      | 0 ||| PLANNING D:1-11
    94 | D:1      | Reached skill level 6 in Ranged Weapons
    94 | D:1      | Reached XP level 2. HP: 16/16 MP: 4/4
   415 | D:1      | Reached XP level 3. HP: 20/20 MP: 5/5
   420 | D:1      | 420 ||| UPGRADING to amulet of reflection.
   425 | D:1      | 425 ||| UPGRADING to +6 ring of strength.
   426 | D:1      | 426 ||| DROPPING scroll of butterflies.
   481 | D:2      | Reached skill level 7 in Ranged Weapons
   588 | D:2      | Found a blossoming altar of Fedhas.
   591 | D:2      | Reached XP level 4. HP: 25/25 MP: 6/6
   683 | D:2      | Noticed Terence
   691 | D:2      | HP: 4/25 [Terence/+2 vampiric short sword (4)]
   693 | D:2      | Slain by Terence

Levels and vault maps discovered:
D:1:      minmay_arrival_shattered_statue, layout_basic
D:2:      layout_rooms, basic_altar, ebering_ecumenical_altar_abandoned,
          nicolae_half_adder, uniq_terence

Skill      XL: |  1  2  3 |
---------------+----------+-----
Ranged Weapons | 6 7 |  7.6
Fighting       | |  1.5
Dodging        | |  2.4
Stealth        | |  1.2

Action                     |  1- 3 |  4- 6 || total
---------------------------+-------+-------++-------
   Fire: Shortbow          |    91 |    22 ||   113
 Armour: Leather armour    |    10 |     6 ||    16
  Dodge: Dodged            |    15 |     8 ||    23
  Block: Other             |       |     1 ||     1

Table legend:
 A = Non-vault XP
 B = Vault XP
 C = Vault XP percentage of total XP
 D = Non-vault monster count
 E = Vault monster count
 F = Vault count percentage of total count
                 A         B        C        D         E       F
            +---------+---------+-------+---------+---------+-------
      Total |      89 |      26 |  22.6 |      38 |       2 |   5.0
            +---------+---------+-------+---------+---------+-------
        D:1 |      43 |       0 |   0.0 |      26 |       0 |   0.0
        D:2 |      46 |      26 |  36.1 |      12 |       2 |  14.3
            +---------+---------+-------+---------+---------+-------
